 Dungeon Crawl Stone Soup version 0.29-a0-187-ga23d963 (webtiles) character file.

Game seed: 13292325939117309828

30751 Dorkslayer the Carver (level 13, -4/116 HPs)
             Began as a Minotaur Fighter on Feb 21, 2022.
             Was an Initiate of Gozag.
             Slain by an orc warlord (32 damage)
             ... on level 2 of the Orcish Mines.
             The game lasted 00:53:59 (13292 turns).

Dorkslayer the Carver (Minotaur Fighter)           Turns: 13292, Time: 00:54:00

Health: -4/116     AC: 29    Str: 42    XL:     13   Next: 22%
Magic:  12/12      EV: 10    Int:  5    God:    Gozag
Gold:   1927       SH: 11    Dex: 13    Spells: 12/12 levels left

rFire   x . .      SeeInvis +   s - +10 long sword "Worm" {pain, SInv}
rCold   + + .      Faith    .   S - +0 kite shield of Gluttony {+Blink rPois rF- Slay+4}
rNeg    + . .      Spirit   .   a - +5 plate armour "Sihidirhe" {Drain +Inv rPois rN+}
rPois   +          Reflect  .   (helmet restricted)
rElec   .          Harm     +   x - +0 cloak
rCorr   .          Rampage  .   y - +2 pair of gloves "Vounaic" {Harm rC++ Str+7}
Will    .....                   O - +2 pair of boots
Stlth   ..........              (no amulet)
HPRegen 0.29/turn               V - +6 ring of strength
MPRegen 0.13/turn               J - +6 ring of strength

@: mighty
A: horns 2, retaliatory headbutt
a: Renounce Religion, Evoke Blink, Evoke Invisibility, Potion Petition, Call
Merchant, Bribe Branch


You were on level 2 of the Orcish Mines.
You worshipped Gozag.
Gozag was most pleased with you.
You visited 3 branches of the dungeon, and saw 16 of its levels.

You collected 3111 gold pieces.
You spent 1091 gold pieces at shops.
You paid 93 gold pieces to Gozag.

Inventory:

Hand Weapons
 b - a +1 long sword of electrocution
 m - a +3 spectral falchion
 s - the +10 long sword "Worm" (weapon) {pain, SInv}
   (You found it on level 10 of the Dungeon)

   In the hands of one skilled in necromantic magic, it inflicts extra damage on
   living creatures.
   SInv:      It lets you see invisible.
 E - a +5 scimitar
 F - a +3 scimitar
 P - a +2 shortbow of flaming
Missiles
 f - 15 boomerangs (quivered)
 q - 2 silver boomerangs
 z - 2 throwing nets
 H - 3 boomerangs of dispersal
Armour
 a - the +5 plate armour "Sihidirhe" (worn) {Drain +Inv rPois rN+}
   (You bought it in a shop on level 7 of the Dungeon)

   rPois:     It protects you from poison.
   rN:        It protects you from negative energy.
   +Inv:      It lets you turn invisible.
   Drain:     It drains your maximum health when unequipped.
 g - a +2 plate armour of willpower
 x - a +0 cloak (worn)
 y - the +2 pair of gloves "Vounaic" (worn) {Harm rC++ Str+7}
   (You found it on level 10 of the Dungeon)

   Str:       It affects your strength (+7).
   rC:        It greatly protects you from cold.
   Harm:      It increases damage dealt and taken.
 D - a +0 kite shield
 O - a +2 pair of boots (worn)
 S - the +0 kite shield of Gluttony (worn) {+Blink rPois rF- Slay+4}
   (You bought it in a shop on level 12 of the Dungeon)

   Slay:      It affects your accuracy & damage with ranged weapons and melee
   (+4).
   rF:        It makes you vulnerable to fire.
   rPois:     It protects you from poison.
   +Blink:    It lets you blink.
Jewellery
 t - a ring of willpower
 J - a +6 ring of strength (right hand)
 M - a ring of resist corrosion
 V - a +6 ring of strength (left hand)
Wands
 j - a wand of flame (2)
 A - a wand of acid (4)
 N - a wand of polymorph (3)
 T - a wand of digging (6)
Scrolls
 c - a scroll of enchant armour {unknown}
 e - 2 scrolls of blinking
 h - 4 scrolls of teleportation
 n - a scroll of holy word
 p - 3 scrolls of enchant weapon {unknown}
 r - 2 scrolls of immolation
 w - a scroll of fear {unknown}
 B - a scroll of vulnerability {unknown}
 G - 3 scrolls of noise {unknown}
 R - a scroll of torment {unknown}
 U - a scroll of amnesia
Potions
 i - 3 potions of mutation
 l - 4 potions of brilliance
 o - 2 potions of attraction
 u - 2 potions of curing
 v - a potion of flight
 K - a potion of ambrosia
 L - a potion of resistance
Miscellaneous
 I - a phial of floods


   Skills:
 + Level 11.0 Fighting
 + Level 14.8 Long Blades
 + Level 2.0 Throwing
 + Level 12.8 Armour
 + Level 5.2 Dodging
 + Level 3.2 Stealth
 + Level 9.2 Shields
 * Level 9.0 Evocations


You had 12 spell levels left.
You didn't know any spells.
Your spell library contained the following spells:

 Spells                   Type           Power      Damage    Failure   Level
 Freeze                   Ice            0%         1d3       99%         1
 Dazzling Flash           Conj/Hex       0%         N/A       100%        3
 Frozen Ramparts          Ice            0%         1d2       100%        3
 Airstrike                Air            0%         N/A       100%        4
 Cause Fear               Hex            0%         N/A       100%        4
 Hailstorm                Conj/Ice       0%         3d3       100%        4
 Iskenderun's Mystic Bla  Conj/Tloc      0%         2d3       100%        4
 Summon Lightning Spire   Summ/Air       0%         N/A       100%        4
 Freezing Cloud           Conj/Ice/Air   0%         6-21      100%        5
 Lightning Bolt           Conj/Air       0%         1d11      100%        5
 Simulacrum               Ice/Necr       0%         N/A       100%        6
 Starburst                Conj/Fire      0%         6d3       100%        6
 Dragon Form              Tmut           0%         N/A       100%        7
 Dragon's Call            Summ           0%         N/A       100%        9
 Polar Vortex             Ice            0%         N/A       100%        9


Dungeon Overview and Level Annotations

Branches:
Dungeon (13/15)            Temple (1/1) D:7            Lair (0/6) D:11
    Orc (2/2) D:11            Elf (0/3) Orc:2
 Vaults: D:13-14

Altars:
Dithmenos
Gozag
Hepliaklqana
Nemelex Xobeh
Qazlal
Sif Muna
Trog
Xom
Yredelemnul
Beogh

Shops:
D:7 [   D:9 *=   D:11 [(   D:12 [


Innate Abilities, Weirdness & Mutations

You have a pair of horns on your head.
You reflexively headbutt those who attack you in melee.


Message History

5 gold pieces; a +0 whip; a +0 scale mail The orc warlord hits you with a +2 battleaxe of venom!!
You hear a shout!
You slash the orc warlord! You headbutt the orc warlord!
The orc warlord is moderately wounded.
The orc warlord hits you with a +2 battleaxe of venom.
* * * LOW HITPOINT WARNING * * *
Throw: dart (curare)
Press: ? - help, Q - select action, (/) - cycle Shift-Dir - straight line, f - orc warlord
Aim: an orc warlord, wielding a +2 battleaxe of venom and wearing a +4 plate armour of poison resistance (moderately wounded, 77% to hit)
You throw a curare-tipped dart.
The curare-tipped dart closely misses the orc warlord.
The orc warlord completely misses you. You furiously retaliate!
You headbutt the orc warlord, but do no damage.
You hit the orc warlord. You headbutt the orc warlord.
The orc warlord is moderately wounded.
You slice the orc warlord!! You headbutt the orc warlord!
The orc warlord is severely wounded.
You barely miss the orc warlord.
The orc warlord is severely wounded.
The orc warlord hits you with a +2 battleaxe of venom!
* * * LOW HITPOINT WARNING * * *
The orc warrior barely misses you. You furiously retaliate!
You headbutt the orc warrior! You hit the orc warlord.
Your headbutt misses the orc warlord.
The orc warlord is severely wounded.
The orc warlord hits you but does no damage.
The orc warrior misses you.
Okay, then.
Things that are here:
5 gold pieces; a +0 whip; a +0 scale mail The orc warrior no longer looks unusually strong.
The orc warlord roars a battlecry!
The orc warrior goes into a battle-frenzy!
You feel better.
You slash the orc warlord!
The orc warlord is severely wounded.
The orc warlord hits you with a +2 battleaxe of venom!!
You die...
Your body crumbles into a pile of gold.

.#...........##*......**
...........### ##....**
....###....#####....###
....#*.....##.......$.##
.....**................#
....,,*.............$..##
..,,,**#.........o$#$.$.#
*,,,,***,........o$.#$$##
*,,,,,.#...$....@...$#.##
**,,,...*.#....#.......(#
****,..##.#.............#
,***,..#...............##
,,*##...................#
,*##.#..................#
###...##...............##
#....##.................#
.....#....#.............#


You could see an orc warlord and an orc warrior (strong).

Vanquished Creatures
  An orc warlord (Orc:1)
  The ghost of Zaoganti the Fencer, a journeyman MiMo of Okawaru (Orc:1)
  The ghost of Egepnuer the Fighter, a journeyman HOFi of Gozag (Orc:1)
  An ettin (Orc:1)
  2 hydras
  Fannar (D:11)
  A centaur warrior (D:13)
  6 two-headed ogres
  An orc high priest (Orc:1)
  A wizard (D:12)
  2 orc knights
  Pikel (D:5)
  An orc sorcerer (Orc:2)
  A manticore (D:11)
  An ugly thing (D:12)
  3 cyclopes
  Maggie (D:9)
  An unseen horror (D:12)
  2 komodo dragons
  A hornet (D:8)
  6 trolls
  8 slime creatures
  A water elemental (D:12)
  5 wraiths
  Eustachio (D:5)
  14 yaks
  A wyvern (D:11)
  2 basilisks (D:11)
  2 steam dragons (D:8)
  5 vampire mosquitoes
  Menkaure (D:7)
  7 wargs (Orc:1)
  3 acid dragons
  3 water moccasins
  19 orc warriors
  A sky beast (D:3)
  A black bear (D:6)
  2 ice beasts
  9 ogres
  4 phantoms
  7 centaurs
  3 lemures (D:5)
  Blork the orc (D:5)
  3 gnoll sergeants
  7 kobold brigands
  2 bullfrogs
  2 wyvern skeletons
  3 scorpions
  7 killer bees
  4 wights (D:9)
  2 howler monkeys (D:8)
  6 electric eels
  A crimson imp (D:12)
  4 centaur zombies
  2 bullfrog zombies (D:6)
  A jelly (D:5)
  Crazy Yiuf (D:7)
  A bullfrog skeleton (D:6)
  5 hounds
  14 orc priests
  An iguana (D:6)
  A centaur skeleton (D:6)
  9 orc wizards
  A killer bee zombie (D:7)
  2 hound skeletons (D:4)
  3 howler monkey zombies
  17 gnolls
  5 adders
  3 worms
  8 dart slugs
  50 orcs
  9 ball pythons
  6 bats
  3 endoplasms
  6 giant cockroaches
  8 goblins
  7 hobgoblins
  4 quokkas
  4 frilled lizards
  30 kobolds
  6 rats
384 creatures vanquished.

Vanquished Creatures (others)
  66 plants
  A withered plant (Orc:1)
67 creatures vanquished.

Grand Total: 451 creatures vanquished

Notes
Turn   | Place    | Note
-------+----------+-------------------------------------------
     0 | D:1      | Dorkslayer the Minotaur Fighter began the quest for the
                  | Orb.
     0 | D:1      | Reached XP level 1. HP: 19/19 MP: 0/0
   126 | D:1      | Reached XP level 2. HP: 25/27 MP: 1/1
   615 | D:1      | Reached XP level 3. HP: 33/33 MP: 2/2
   924 | D:2      | Found a faded altar of an unknown god.
  1199 | D:2      | Reached skill level 3 in Long Blades
  1515 | D:3      | Reached XP level 4. HP: 40/40 MP: 3/3
  1597 | D:3      | Noticed a sky beast
  1604 | D:3      | Killed a sky beast
  1605 | D:3      | Reached skill level 4 in Long Blades
  1605 | D:3      | Reached XP level 5. HP: 47/47 MP: 4/4
  1613 | D:3      | You fall into a shaft and drop 2 floors!
  1613 | D:5      | Entered Level 5 of the Dungeon
  1616 | D:5      | Noticed an ice beast
  1627 | D:5      | Reached skill level 5 in Armour
  1627 | D:5      | Reached skill level 1 in Dodging
  1642 | D:4      | Killed an ice beast
  1643 | D:4      | Reached skill level 5 in Long Blades
  1643 | D:4      | Reached XP level 6. HP: 6/53 MP: 5/5
  1984 | D:4      | Reached skill level 5 in Fighting
  2194 | D:3      | Reached skill level 6 in Long Blades
  2487 | D:3      | Found a stormy altar of Qazlal.
  2487 | D:3      | Found a shimmering blue altar of Sif Muna.
  2631 | D:4      | Reached XP level 7. HP: 61/61 MP: 6/6
  3583 | D:5      | Noticed Blork the orc
  3598 | D:5      | Killed Blork the orc
  3599 | D:5      | Reached skill level 7 in Long Blades
  3675 | D:5      | Reached XP level 8. HP: 36/70 MP: 7/7
  3904 | D:5      | Noticed Eustachio
  3939 | D:5      | Reached skill level 8 in Long Blades
  3939 | D:5      | Reached skill level 1 in Evocations
  3959 | D:5      | Killed Eustachio
  4029 | D:5      | Noticed Pikel
  4047 | D:5      | Killed Pikel
  4048 | D:5      | Reached skill level 9 in Long Blades
  4393 | D:6      | Reached XP level 9. HP: 61/78 MP: 8/8
  4638 | D:6      | Reached skill level 5 in Shields
  5037 | D:6      | Reached skill level 1 in Stealth
  5169 | D:6      | Reached skill level 10 in Long Blades
  5213 | D:7      | Found a runed translucent door.
  5214 | D:7      | Noticed Crazy Yiuf
  5222 | D:7      | Killed Crazy Yiuf
  5383 | D:7      | Found Feur's Antique Armour Shop.
  5495 | D:7      | Found a staircase to the Ecumenical Temple.
  5501 | Temple   | Entered the Ecumenical Temple
  5510 | Temple   | Became a worshipper of Gozag Ym Sagoz the Greedy
  5627 | D:7      | Noticed Menkaure
  5632 | D:7      | Killed Menkaure
  6172 | D:8      | Reached skill level 11 in Long Blades
  6175 | D:8      | Reached XP level 10. HP: 86/86 MP: 9/9
  6430 | D:8      | Paralysed by a hornet for 2 turns
  6436 | D:8      | Paralysed by a hornet for 2 turns
  7196 | D:9      | Noticed Maggie
  7205 | D:9      | Killed Maggie
  7224 | D:9      | Reached skill level 5 in Evocations
  7297 | D:9      | Found Dukkuimm's Jewellery Boutique.
  7401 | D:7      | Bought a crude plate armour for 504 gold pieces
  7401 | D:7      | Identified the +5 plate armour "Sihidirhe" {Drain +Inv
                  | rPois rN+} (You bought it in a shop on level 7 of the
                  | Dungeon)
  7495 | D:9      | Found a shimmering altar of Xom.
  7687 | D:9      | Found a shadowy altar of Dithmenos.
  7907 | D:9      | Found Rikkocva's Assorted Antiques.
  7914 | D:9      | Bought a wand of flame (3) for 29 gold pieces
  7914 | D:9      | Bought a pair of embroidered boots for 217 gold pieces
  7919 | D:9      | Bought a black potion for 26 gold pieces
  7919 | D:9      | Bought a potion of curing for 87 gold pieces
  7936 | D:10     | Entered Level 10 of the Dungeon
  8025 | D:10     | Reached skill level 12 in Long Blades
  8035 | D:10     | Noticed a two-headed ogre
  8046 | D:10     | Killed a two-headed ogre
  8053 | D:10     | Identified the +10 long sword "Worm" {pain, SInv}
  8292 | D:10     | Reached XP level 11. HP: 69/94 MP: 10/10
  8502 | D:10     | Identified the +1 ring mail "Lounet" {*Slow rC+ SInv
                  | Stlth+}
  8936 | D:10     | Noticed a two-headed ogre
  8946 | D:10     | Killed a two-headed ogre
  8947 | D:10     | Reached skill level 10 in Armour
  8955 | D:10     | Identified the +2 pair of gloves "Vounaic" {Harm rC++
                  | Str+7}
  9192 | D:11     | Noticed Fannar
  9207 | D:11     | Killed Fannar
  9215 | D:11     | Noticed a five-headed hydra
  9223 | D:11     | Killed a six-headed hydra
  9239 | D:11     | Found a staircase to the Lair.
  9253 | D:11     | Reached skill level 13 in Long Blades
  9404 | D:11     | Found a staircase to the Orcish Mines.
  9601 | D:11     | Reached skill level 1 in Throwing
  9603 | D:11     | Found Olo Fedy's Armour Shop.
  9632 | D:11     | Found Nadym's Antique Weapon Emporium.
 10107 | D:12     | Reached skill level 5 in Dodging
 10275 | D:12     | Noticed an eight-headed hydra
 10310 | D:12     | Killed a 13-headed hydra
 10369 | D:12     | Noticed a white ugly thing
 10376 | D:12     | Killed a white ugly thing
 10385 | D:12     | Noticed a two-headed ogre
 10390 | D:12     | Killed a two-headed ogre
 10391 | D:12     | Reached XP level 12. HP: 67/104 MP: 11/11
 10626 | D:11     | Reached skill level 14 in Long Blades
 10824 | D:12     | Noticed a two-headed ogre
 10828 | D:12     | Noticed a two-headed ogre
 10829 | D:12     | Killed a two-headed ogre
 10836 | D:12     | Killed a two-headed ogre
 10929 | D:12     | Found Mamat's Antique Armour Emporium.
 11013 | D:12     | Bought a spiked kite shield for 228 gold pieces
 11013 | D:12     | Identified the +0 kite shield of Gluttony {+Blink rPois rF-
                  | Slay+4} (You bought it in a shop on level 12 of the
                  | Dungeon)
 11306 | D:13     | Reached skill level 10 in Fighting
 11729 | D:13     | Noticed a centaur warrior
 11741 | D:13     | Killed a centaur warrior
 11746 | D:13     | Noticed a six-headed hydra
 12020 | Orc:1    | Entered Level 1 of the Orcish Mines
 12020 | Orc:1    | Noticed an orc warlord
 12053 | Orc:1    | You fall into a shaft and drop 1 floor!
 12053 | Orc:2    | Entered Level 2 of the Orcish Mines
 12109 | Orc:1    | Killed an orc warlord
 12245 | Orc:1    | Noticed an orc high priest
 12255 | Orc:1    | Killed an orc high priest
 12705 | Orc:1    | Noticed an ettin
 12711 | Orc:1    | Killed an ettin
 12712 | Orc:1    | Reached XP level 13. HP: 114/114 MP: 12/12
 12817 | Orc:1    | Found a runed translucent gate.
 12817 | Orc:1    | Found a runed translucent gate.
 12817 | Orc:1    | Found a runed translucent gate.
 12858 | Orc:1    | Noticed Zaoganti's ghost (journeyman MiMo)
 12859 | Orc:1    | Noticed Egepnuer's ghost (journeyman HOFi)
 12879 | Orc:1    | Killed Zaoganti's ghost
 12886 | Orc:1    | Killed Egepnuer's ghost
 13251 | Orc:2    | Noticed an orc warlord
 13292 | Orc:2    | Slain by an orc warlord

Illustrated notes

Levels and vault maps discovered:
D:1:      amcnicky_arrival_abandoned_market, layout_rooms, serial_aquarium,
          aquarium_bridge_straight [aquarium_subvault_bridge,
          aquarium_subvault_wall, aquarium_subvault_bridge,
          aquarium_subvault_wall], aquarium_bridge_square
          [aquarium_subvault_bridge, aquarium_subvault_balcony,
          aquarium_subvault_window, aquarium_subvault_wall], aquarium_window_1,
          aquarium_window_1, aquarium_window_fake, aquarium_view_2d,
          aquarium_pool_four
D:2:      layout_basic, chequers_ecumenical_altar_simple,
          kennysheep_generic_room_8
D:3:      layout_rooms, gammafunk_temple_overflow_elements
D:4:      layout_layer_cave, kennysheep_generic_room_15
D:5:      layout_gridville, uniq_pikel, uniq_eustachio, uniq_blork_the_orc
D:6:      layout_basic
D:7:      layout_cave_pools, temple_green, serial_shops, shop,
          hangedman_decor_push, chequers_serial_rivers_small_b, uniq_menkaure,
          uniq_crazy_yiuf_cottage
D:8:      layout_basic, chequers_serial_rivers_small_3, minivault_4
D:9:      layout_big_octagon, nicolae_dithmenos_shadow_blocks, tgw_xom,
          serial_shops, nicolae_shop_hallway_plus,
          nicolae_shop_overgrown_old_shop, ebering_dispersal_statue_hall,
          uniq_maggie
D:10:     layout_long_grid
D:11:     layout_stronghold, david_lair_generic,
          kennysheep_orc_monster_closet_entryway, serial_shops, shop,
          nicolae_shop_trees, uniq_fannar
D:12:     layout_irregular_city, serial_shops, nicolae_shop_overgrown_old_shop,
          serial_bayou, serial_bayou_lagoon_a, serial_bayou_crossing,
          serial_bayou_lake_a, serial_bayou_shore_a, lightli_wizard_tower
D:13:     nicolae_cairo_tiling_large, layout_rooms, kennysheep_just_a_vault
Temple:   compressed_dpeg_circular_temple
Orc:1:    layout_caves, basic_altar, gammafunk_ghost_cemetery
Orc:2:    st_orc_elflike, layout_caves, serial_shops,
          nicolae_shop_overgrown_old_shop, uniq_rupert

Skill      XL: |  1  2  3  4  5  6  7  8  9 10 11 12 13 |
---------------+----------------------------------------+-----
Fighting       | 4 5 6 7 8 9 10 11 | 11.0
Shields        | 4 5 6 9 |  9.2
Armour         | 4 5 6 7 8 9 11 12 | 12.8
Long Blades    | 3 4 5 6 7 9 11 12 13 14 | 14.8
Dodging        | 1 2 3 4 5 |  5.2
Evocations     | 2 4 6 7 8 9 |  9.0
Stealth        | 1 2 3 |  3.2
Throwing       | 1 2 |  2.0

Action                   |  1- 3 |  4- 6 |  7- 9 | 10-12 | 13-15 || total
-------------------------+-------+-------+-------+-------+-------++-------
Melee: Long sword        |    78 |    71 |   112 |   254 |    68 ||   583
       Headbutt          |    14 |    13 |    50 |   127 |    17 ||   221
       Falchion          |       |       |   141 |    74 |       ||   215
       Scimitar          |       |       |       |   145 |       ||   145
Throw: Dart              |       |       |       |     6 |     1 ||     7
       Boomerang         |       |       |       |    11 |       ||    11
       Throwing net      |       |       |       |     2 |       ||     2
Evoke: Wand              |       |       |       |    41 |       ||    41
       Phial of floods   |       |       |       |     2 |       ||     2
  Use: Scroll            |     5 |       |     8 |    10 |     1 ||    24
       Potion            |       |     1 |     3 |     5 |     3 ||    12
 Stab: Distracted        |       |       |     3 |     2 |       ||     5
       Held in net/web   |       |       |       |     1 |       ||     1
       Invisible         |       |       |       |     6 |       ||     6
Armor: Scale mail        |    36 |    38 |    88 |    10 |       ||   172
       Plate armour      |       |       |       |   249 |    29 ||   278
Dodge: Dodged            |    41 |    41 |   105 |   190 |    14 ||   391
Block: Buckler           |     9 |    17 |    40 |    54 |       ||   120
       Kite shield       |       |       |       |   115 |    29 ||   144

Table legend: (Time is in decaauts)
 A = Elapsed time spent in this place.
 B = Non-inter-level travel time spent in this place.
 C = Inter-level travel time spent in this place.
 D = Time resting spent in this place.
 E = Time spent auto-exploring this place.
 F = Levels seen in this place.
 G = Mean time per level.
                   A        B        C        D        E       F      G
               +--------+--------+--------+--------+--------+-----+--------+
         Total |  13284 |  13189 |     95 |   2512 |   3553 |  16 |  830.2 |
       Dungeon |  12054 |  11960 |     94 |   2157 |   3475 |  13 |  927.2 |
        Temple |     16 |     16 |      0 |      0 |      0 |   1 |   16.0 |
  Orcish Mines |   1213 |   1213 |      0 |    355 |     78 |   2 |  606.5 |
               +--------+--------+--------+--------+--------+-----+--------+

Top non-repeatable levels by time:
    D:12: 1592 daAuts
     D:8: 1455 daAuts
     D:4: 1453 daAuts
    D:10: 1238 daAuts
    D:11: 1091 daAuts
   Orc:1: 1073 daAuts
     D:5: 879 daAuts
     D:2: 815 daAuts
     D:6: 804 daAuts
     D:1: 704 daAuts
     D:9: 670 daAuts
     D:3: 580 daAuts
     D:7: 578 daAuts
    D:13: 189 daAuts
   Orc:2: 140 daAuts
